Map: Tours du crépuscule

Players

Khoma

  • Race: Zerg Zerg
  • League: Diamond

Worming - Winner!

  • Race: Zerg Zerg
  • League: Diamond

VOD

Have the link to the VOD?

Description

Time

  • Played on: May 22, 2016, 3:57 a.m.
  • Length: 12:14
Show
View Real Time Build Order
Export as new Build Order

Khoma Zerg 

Build Orders: Hatch First, Muta Ling Bane 

Get SALT Encoding   

  12  0:01  Drone  
  13  0:14  Overlord  
  13  0:17  Drone  
  14  0:32  Drone  
  14  0:33  Drone  
  16  0:38  Drone  
  17  0:56  Hatchery  
  16  0:57  Drone  
  17  1:10  Spawning Pool  
  16  1:12  Drone  
  16  1:15  Drone  
  18  1:21  Drone  
  19  1:30  Drone  
  20  1:33  Extractor  
  19  1:40  Overlord  
  19  1:55  Drone  
  19  1:57  Queen  
  22  2:03  Drone  
  22  2:08  Queen  
  23  2:10  Drone  
  23  2:14  Drone  
  27  2:20  Spine Crawler  
  27  2:21  Drone  
  27  2:25  Drone  
  28  2:30  Drone  
  29  2:37  Queen  
  29  2:44  Drone  
  32  2:48  Drone, Overlord  
  33  2:55  Drone  
  34  3:00  Overlord  
  34  3:08  Drone x2  
  36  3:14  Drone  
  36  3:17  Lair  
  36  3:18  Drone, Overlord  
  36  3:19  Drone x2  
  40  3:22  Extractor  
  39  3:29  Drone  
  39  3:31  Queen  
  41  3:40  Drone x2  
  43  3:43  Overlord  
  43  3:51  Drone, Overlord, Extractor x2  
  43  3:52  Drone x5  
  47  4:04  Drone  
  46  4:31  Drone  
  46  4:32  Drone x3  
  50  4:40  Zergling x4, Spire  
  50  4:41  Zergling x2  
  52  4:47  Hatchery  
  52  4:51  Overlord  
  51  4:53  Drone x2  
  51  4:54  Drone  
  54  5:03  Overlord  
  54  5:05  Queen  
  56  5:18  Spine Crawler  
  56  5:20  Overlord  
  55  5:34  Overlord  
  55  5:56  Mutalisk  
  55  5:57  Mutalisk x8  
  54  6:03  Mutalisk  
  72  6:33  Mutalisk x3  
  72  6:35  Overlord x2  
  78  6:46  Hatchery  
  77  6:49  Mutalisk  
  77  6:50  Mutalisk  
  77  6:51  Drone, Overlord  
  82  6:56  Metabolic Boost  
  82  6:57  Zergling x2, Overlord  
  82  6:58  Zergling x6  
  82  7:00  Hatchery  
  85  7:08  Mutalisk  
  85  7:09  Zergling x4  
  89  7:16  Baneling Nest  
  88  7:25  Evolution Chamber  
  88  7:27  Evolution Chamber  
  88  7:28  Zergling x4  
  88  7:29  Zergling x4  
  90  7:39  Zergling x6  
  90  7:41  Overlord  
  93  7:52  Mutalisk x2  
  93  7:53  Zergling x2, Mutalisk x2  
  93  7:56  Overlord  
  102  8:00  Drone  
  102  8:01  Drone x3  
  106  8:07  Zerg Melee Weapons Level 1  
  106  8:08  Baneling  
  106  8:09  Baneling x4  
  106  8:12  Queen  
  106  8:13  Drone  
  106  8:14  Drone x4  
  113  8:23  Centrifical Hooks  
  113  8:25  Drone x6  
  119  8:31  Drone  
  120  8:38  Drone, Zergling x4  
  120  8:39  Drone x6  
  129  8:42  Extractor  
  129  8:43  Extractor  
  129  8:46  Mutalisk x3  
  133  8:50  Baneling  
  133  8:51  Baneling  
  133  9:00  Overlord  
  133  9:01  Drone x2  
  135  9:03  Extractor  
  135  9:04  Extractor  
  133  9:11  Mutalisk x2  
  133  9:13  Drone x10  
  143  9:37  Mutalisk x3  
  139  9:46  Mutalisk x3  
  139  9:51  Baneling x3  
  145  9:57  Overlord  
  145  10:09  Zergling x2  
  145  10:10  Zergling x22  
  147  10:23  Mutalisk x5  
  141  10:29  Zergling x12  
  119  10:36  Zergling x6  
  119  10:42  Zergling x2  
  99  10:46  Zergling x2  
  99  10:47  Zergling x4  
  100  10:52  Baneling x3  
  100  10:53  Zergling x4  
  100  10:56  Mutalisk  
  101  11:01  Zergling x2  
  98  11:06  Zergling x2  
  98  11:10  Baneling x4  
  98  11:11  Baneling, Mutalisk x2  
  98  11:15  Drone  
  103  11:19  Zergling x6  
  103  11:20  Zergling x4  
  103  11:23  Baneling x2, Hatchery  
  103  11:24  Baneling x5  
  103  11:25  Mutalisk x3  
  108  11:46  Zergling x12  
  90  11:52  Zergling x2  
  90  11:53  Zergling x12  
Show
View Real Time Build Order
Export as new Build Order

Worming Zerg - Winner!

Build Orders: Hatch First 

Get SALT Encoding   

  12  0:01  Drone  
  13  0:12  Overlord  
  13  0:17  Drone  
  14  0:30  Drone x2  
  14  0:35  Drone  
  17  0:52  Hatchery  
  17  0:55  Drone  
  17  0:58  Drone  
  17  1:01  Extractor  
  17  1:14  Spawning Pool  
  17  1:17  Drone  
  17  1:20  Drone  
  18  1:29  Drone  
  19  1:39  Overlord  
  19  2:03  Metabolic Boost  
  19  2:04  Queen x2  
  19  2:05  Zergling x4  
  25  2:09  Drone  
  25  2:14  Drone  
  27  2:22  Drone x2  
  29  2:31  Baneling Nest  
  29  2:32  Drone  
  29  2:33  Drone  
  30  2:40  Drone  
  31  2:44  Overlord  
  31  2:53  Drone  
  32  3:00  Drone x2  
  33  3:18  Drone x5  
  38  3:22  Hatchery  
  37  3:30  Zergling x2  
  37  3:31  Zergling x8  
  42  3:34  Baneling x3  
  42  3:44  Lair, Overlord  
  42  3:47  Overlord  
  42  3:56  Drone  
  42  3:57  Overlord  
  43  4:11  Drone x8, Extractor x2  
  43  4:38  Extractor  
  43  4:44  Zergling x20  
  43  4:45  Zergling x4  
  54  4:50  Hydralisk Den  
  54  4:51  Queen x2  
  57  4:53  Drone  
  58  5:12  Drone x9  
  58  5:13  Drone x2  
  69  5:15  Overlord  
  69  5:17  Spore Crawler  
  68  5:22  Spore Crawler  
  68  5:27  Spore Crawler  
  65  5:30  Spore Crawler  
  65  5:31  Spore Crawler  
  65  5:33  Spore Crawler  
  65  5:34  Spore Crawler  
  61  5:38  Spore Crawler  
  51  6:06  Pneumatized Carapace  
  51  6:07  Hydralisk x3  
  51  6:08  Hydralisk x4  
  63  6:11  Muscular Augments  
  63  6:25  Drone x3  
  66  6:26  Drone x2  
  66  6:27  Drone x3  
  66  6:28  Drone  
  66  6:29  Drone  
  66  6:31  Drone  
  74  6:37  Hydralisk x2  
  78  6:41  Zergling x2  
  78  6:42  Zergling x2  
  78  6:43  Zergling x2  
  81  6:58  Overlord x3  
  81  7:03  Baneling x2  
  81  7:16  Overlord x2  
  81  7:20  Hydralisk x4  
  89  7:23  Zergling x2  
  90  7:34  Overlord x2  
  90  7:45  Infestation Pit  
  90  7:46  Spore Crawler  
  86  8:01  Extractor  
  86  8:03  Drone x8, Extractor  
  92  8:12  Drone x6  
  98  8:14  Hatchery  
  98  8:16  Evolution Chamber x2  
  95  8:25  Pathogen Glands  
  95  8:27  Infestor x5  
  95  8:28  Infestor x3  
  95  8:32  Zergling x14  
  95  8:33  Zergling x2  
  119  8:45  Overlord x3  
  119  8:53  Zerg Missile Weapons Level 1, Zerg Ground Armor Level 1  
  119  9:01  Drone x3  
  122  9:04  Spore Crawler x3  
  122  9:09  Burrow  
  119  9:15  Roach Warren  
  115  9:50  Queen x2  
  115  9:52  Roach Warren  
  118  9:55  Drone x8  
  118  9:56  Spore Crawler  
  118  9:57  Spore Crawler  
  124  10:03  Spine Crawler  
  124  10:06  Baneling  
  124  10:07  Baneling x7  
  123  10:11  Zergling x6, Hydralisk  
  123  10:12  Zergling x8, Hydralisk x7  
  114  10:41  Roach x11  
  129  10:43  Glial Reconstitution  
  129  10:46  Infestor x4  
  137  10:57  Hydralisk x4  
  143  11:04  Infestor  
  143  11:05  Baneling x3  
  143  11:11  Drone x7  
  149  11:14  Spore Crawler  
  149  11:19  Baneling x3  
  149  11:20  Zergling x4  
  149  11:22  Overlord x2  
  151  11:36  Infestor x6  
  123  11:53  Roach x4  
Tags
 
Add a new tag
Caveats
  • Supply blocks, unpowered buildings, or Contaminate may cause inaccurate times.
  • Supply counts are checked every 10 seconds.